 Dungeon Crawl Stone Soup version 0.28-a0-1348-g050f3537b9 (webtiles) character file.

Game seed: 17123229800044143407

273089 Qrupt the Convoker (level 21, -3/141 HPs)
             Began as a Kobold Summoner on Mar 17, 2020.
             Was the Champion of Dithmenos.
             Killed from afar by a tengu reaver (11 damage)
             ... with a bolt of lightning
             ... summoned by a glowing orange brain
             ... on level 3 of the Depths on Dec 30, 2021.
             The game lasted 06:57:20 (70629 turns).

Qrupt the Convoker (Kobold Summoner)               Turns: 70629, Time: 06:57:21

Health: -3/141     AC: 11    Str:  8    XL:     21   Next: 13%
Magic:  41/47      EV: 21    Int: 40    God:    Dithmenos [******]
Gold:   1523       SH:  7    Dex: 24    Spells: 9/46 levels left

rFire   . . .      SeeInvis +   a - +9 quick blade of Analysis {elec, +Inv}
rCold   . . .      Faith    +   g - +0 buckler {reflect}
rNeg    . . .      Spirit   .   S - +2 ring mail of Snakes and Ladders {Int+3 Dex+4}
rPois   +          Reflect  +   Z - +0 hat of Honour {Will+ Int+2}
rElec   +          Harm     .   n - scarf {obsolete}
rCorr   .          Rampage  .   Q - +0 pair of gloves "Wist" {+Inv rPois Str+4 Int+5}
Will    ++...                   N - +1 pair of boots
Stlth   +++++++++.              Y - amulet of faith
HPRegen 0.33/turn               C - ring of see invisible
MPRegen 0.30/turn               A - ring "Welyvip" {rElec MP+9 Str-3 Int+9}

@: wreathed by umbra
A: small, no large weapons
}: 2/15 runes: serpentine, barnacled
a: Renounce Religion, Evoke Invisibility, Shadow Step, Shadow Form


You were on level 3 of the Depths.
You worshipped Dithmenos.
Dithmenos was exalted by your worship.
You visited 8 branches of the dungeon, and saw 39 of its levels.

You collected 4125 gold pieces.
You spent 2602 gold pieces at shops.

Inventory:

Hand Weapons
 a - the +9 quick blade of Analysis (weapon) {elec, +Inv}
   (You acquired it on level 4 of the Lair of Beasts)

   It occasionally discharges a powerful burst of electricity upon striking a
   foe.
   +Inv:      It lets you turn invisible.
Armour
 g - a +0 buckler of reflection (worn)
 n - a scarf of cloud immunity (worn)
 N - a +1 pair of boots (worn)
 Q - the +0 pair of gloves "Wist" (worn) {+Inv rPois Str+4 Int+5}
   (You bought it in a shop on level 1 of the Snake Pit)

   Str:       It affects your strength (+4).
   Int:       It affects your intelligence (+5).
   rPois:     It protects you from poison.
   +Inv:      It lets you turn invisible.
 S - the +2 ring mail of Snakes and Ladders (worn) {Int+3 Dex+4}
   (You found it on level 1 of the Snake Pit)

   Int:       It affects your intelligence (+3).
   Dex:       It affects your dexterity (+4).
 Z - the +0 hat of Honour (worn) {Will+ Int+2}
   (You found it on level 3 of the Vaults)

   Int:       It affects your intelligence (+2).
   Will:      It increases your willpower.
Jewellery
 q - a ring of resist corrosion
 v - the ring of Ytoquess {rF+ Will+ Str+3}
   (You found it on level 1 of the Shoals)

   [ring of willpower]

   Str:       It affects your strength (+3).
   rF:        It protects you from fire.
   Will:      It increases your willpower.
 x - a ring of teleportation
 z - a ring of poison resistance
 A - the ring "Welyvip" (right hand) {rElec MP+9 Str-3 Int+9}
   (You bought it in a shop on level 2 of the Snake Pit)

   [ring of magical power]

   Str:       It affects your strength (-3).
   Int:       It affects your intelligence (+9).
   rElec:     It insulates you from electricity.
   MP:        It affects your magic capacity (+9).
 C - a ring of see invisible (left hand)
 K - a ring of wizardry
 O - a ring of flight
 Y - an amulet of faith (around neck)
Wands
 b - a wand of flame (18) (quivered)
 d - a wand of iceblast (17)
 k - a wand of charming (16)
 u - a wand of polymorph (58)
 I - a wand of digging (6)
 P - a wand of mindburst (16)
Scrolls
 f - 11 scrolls of identify
 i - 9 scrolls of amnesia
 m - 3 scrolls of fog
 o - 15 scrolls of removedness
 p - 6 scrolls of enchant armour
 r - 6 scrolls of enchant weapon
 y - 2 scrolls of fear
 D - 4 scrolls of immolation
 M - 5 scrolls of silence
 U - 2 scrolls of teleportation
 V - a scroll of holy word
Potions
 e - 3 potions of invisibility
 h - 2 potions of berserk rage
 l - 4 potions of attraction
 s - a potion of ambrosia
 t - 3 potions of might
 w - 10 potions of curing
 B - 3 potions of resistance
 F - 10 potions of brilliance
 G - 2 potions of cancellation
 H - 2 potions of haste
 J - 6 potions of flight
 R - 6 potions of mutation
 T - 2 potions of magic
Miscellaneous
 E - a removed crystal ball
 W - a phial of floods
 X - a lightning rod (4/4)
Comestibles
 c - 41 removed foods


   Skills:
 + Level 18.3 Fighting
 + Level 17.8 Short Blades
 - Level 5.0 Armour
 - Level 12.2 Dodging
 - Level 11.7 Stealth
 - Level 4.0 Shields
 + Level 13.1 Spellcasting
 - Level 4.0 Hexes
 + Level 18.3 Summonings
 - Level 2.0 Translocations
 - Level 9.0 Ice Magic
 - Level 7.9 Air Magic
 - Level 5.0 Evocations


You had 9 spell levels left.
You knew the following spells:

 Your Spells              Type           Power      Damage    Failure   Level
a - Summon Small Mammal   Summ           100%       N/A       0%          1
b - Call Imp              Summ           100%       N/A       0%          2
c - Call Canine Familiar  Summ           100%       N/A       0%          3
d - Summon Ice Beast      Ice/Summ       94%        N/A       1%          4
e - Summon Lightning Spi  Summ/Air       92%        N/A       1%          4
f - Summon Guardian Gole  Hex/Summ       86%        N/A       1%          3
g - Blink                 Tloc           84%        N/A       2%          2
h - Shadow Creatures      Summ           N/A        N/A       1%          6
i - Summon Mana Viper     Hex/Summ       86%        N/A       1%          5
j - Summon Hydra          Summ           53%        N/A       1%          7

Your spell library contained the following spells:

 Spells                   Type           Power      Damage    Failure   Level
 Apportation              Tloc           84%        N/A       1%          1
 Corona                   Hex            55%        N/A       1%          1
 Freeze                   Ice            100%       1d11      1%          1
 Slow                     Hex            100%       N/A       1%          1
 Corpse Rot               Necr/Air       100%       N/A       1%          2
 Frozen Ramparts          Ice            100%       1d12      1%          3
 Ozocubu's Armour         Ice            78%        N/A       1%          3
 Summon Forest            Summ/Tloc      41%        N/A       1%          5
 Animate Skeleton         Necr           52%        N/A       4%          1
 Beastly Appendage        Tmut           52%        N/A       4%          1
 Magic Dart               Conj           100%       1d8       4%          1
 Mephitic Cloud           Conj/Pois/Air  47%        N/A       4%          3
 Dazzling Flash           Conj/Hex       84%        N/A       5%          3
 Searing Ray              Conj           52%        2d6       6%          2
 Sublimation of Blood     Necr           26%        N/A       6%          2
 Wereblood                Tmut           26%        N/A       6%          2
 Hailstorm                Conj/Ice       58%        3d13      6%          4
 Ice Form                 Ice/Tmut       58%        N/A       6%          4
 Metabolic Englaciation   Hex/Ice        34%        N/A       8%          5
 Freezing Cloud           Conj/Ice/Air   32%        6-21      11%         5
 Conjure Flame            Conj/Fire      26%        6-21      12%         3
 Spider Form              Tmut/Pois      26%        N/A       12%         3
 Stone Arrow              Conj/Erth      52%        3d10      12%         3
 Fulminant Prism          Conj/Hex       21%        3d13      19%         4
 Iskenderun's Mystic Bla  Conj/Tloc      34%        2d8       26%         4
 Dispel Undead            Necr           26%        3d13      38%         4
 Sticky Flame             Conj/Fire      26%        2d5       38%         4
 Ozocubu's Refrigeration  Ice            39%        4d12      63%         7
 Spellforged Servitor     Conj/Summ      39%        N/A       63%         7
 Simulacrum               Ice/Necr       29%        N/A       69%         6
 Agony                    Necr           26%        N/A       75%         5
 Blade Hands              Tmut           13%        N/A       75%         5
 Bolt of Magma            Conj/Fire/Erth 13%        4d8       75%         5
 Excruciating Wounds      Necr           13%        N/A       75%         5
 Irradiate                Conj/Tmut      13%        3d18      75%         5
 Iskenderun's Battlesphe  Conj           26%        2d8       75%         5
 Eringya's Noxious Bog    Tmut/Pois      13%        N/A       99%         6
 Iron Shot                Conj/Erth      13%        9d3       99%         6
 Dragon Form              Tmut           13%        N/A       100%        7
 Orb of Destruction       Conj           13%        9d6       100%        7


Dungeon Overview and Level Annotations

Branches:
Dungeon (15/15)            Temple (1/1) D:6            Lair (6/6) D:8
 Shoals (4/4) Lair:2        Snake (4/4) Lair:4        Slime (0/5) Lair:6
    Orc (2/2) D:11            Elf (0/3) Orc:2        Vaults (4/5) D:13
  Crypt (0/3) Vaults:3     Depths (3/5) D:15

Altars:
Ashenzari
Cheibriados
Dithmenos
Elyvilon
Fedhas
Gozag
Hepliaklqana
Kikubaaqudgha
Makhleb
Nemelex Xobeh
Okawaru
Qazlal
Ru
Sif Muna
Trog
Uskayaw
Vehumet
Wu Jian
Xom
Yredelemnul
Zin
The Shining One
Beogh
Jiyva

Shops:
D:5 [   D:12 =   D:13 :   D:15 ?   Orc:1 ?*[:*   Orc:2 x=[(   Shoals:4 ?
Snake:1 [   Snake:2 x=x   Snake:4 xx   Vaults:2 ==(x   Vaults:3 (

Portals:
Hell: Depths:1 Depths:2
Abyss: Depths:1 Depths:2 Depths:3
Pandemonium: Depths:2
Ziggurat: Depths:1

Annotations:
D:3 2 transporters, Brozuf's ghost, amateur GrFi
D:8 exclusion: door
Lair:1 exclusion: spiny frog
Lair:2 2 transporters, exclusions: door and electric eel, ReteAZ's ghost, journeyman MfGl
Lair:4 exclusion: door
Lair:5 1 runed translucent door
Lair:6 1 runed translucent door
Shoals:1 3 runed translucent doors, Hofrel's ghost, adept MiBe; Luetsoe's ghost, journeyman DEWz; Uttokecs's ghost, journeyman DrFE
Shoals:2 exclusion: oklob plant, Roxanne
Vaults:3 Boris


Message History

The fire giant is moderately wounded.
Unknown command.
What are your orders? t - Shout!
Orders for allies: a - Attack new target. r - Retreat! s - Stop attacking. g - Guard the area. f - Follow me.
Anything else - Cancel.
Gang up on whom?
Press: ? - help, Dir - move target, f - glowing orange brain
Aim: a glowing orange brain (ally target, umbra) Attack!
The fire giant hits you with a +1 great sword of flaming!!
* * * LOW HITPOINT WARNING * * *
You emit a cloud of dark smoke.
The fire giant burns you!
* * * LOW HITPOINT WARNING * * *
The glowing orange brain pulsates.
Unknown command.
You feel much better.
Your eight-headed hydra bites the glowing orange brain. x3
Your eight-headed hydra bites the glowing orange brain but does no damage.
Your eight-headed hydra bites the glowing orange brain!
Your eight-headed hydra bites the glowing orange brain. x3
The fire giant points at you and mumbles some strange words.
The fireball explodes!
The fireball engulfs you!!
* * * LOW HITPOINT WARNING * * *
The fireball engulfs the fire giant.
The fire giant resists.
The rakshasa gestures at you.
The lance of force hits your eight-headed hydra!!
Your eight-headed hydra is knocked back by the lance of force.
Your eight-headed hydra collides with you!
* * * LOW HITPOINT WARNING * * *
Your eight-headed hydra is severely wounded.
Okay, then.
Blink to where?
Press: ? - help, Dir - move target, p - glowing orange brain
As you read the scroll of blinking, it crumbles to dust.
The tengu reaver gestures at you while chanting.
The bolt of lightning hits you! You resist.
You die...

* #...§§D§§.....§§§§§§...# * *
#..§§§G§Q§.......§§§..)# * *
#...§§C§§§....(..§§....# * *
#...§§§>.(.......§§....###
*******#<...............§........
,........../.........)?###'#####'
,..............^.).....#.....#(#.
,......................###.#.##.#
*#######...#####@......'.#[#.'.#.
* #...# #.......#.#.####.# *
#...#***#.......#..(..#$#. *
#...#*,...∩.....###'#####' *
*,,,**,##.......#.(##.#,#. *
*,,,,,,.........#..##.##!. *
*,,,,**.##......+÷...[+(b[ *
*,,,**,,,##.....#.##.÷##(. *
*,,,*,,,,,#.....#.##[.#,#.


You could see a fire giant, a tengu reaver (summoned) and a glowing orange
brain.

Vanquished Creatures
  The ghost of Zaor the Victor of a Thousand Battles, an adept GnSk of Okawaru (Vaults:1)
  A lich (Vaults:3)
  A sphinx (Vaults:4)
  Ilsuiw (Shoals:2)
  3 tengu reavers
  Kirke (Shoals:3)
  5 nagarajas
  The ghost of Lofupn the Imperceptible, an adept SpEn of Wu Jian (Vaults:2)
  A vault warden (Vaults:4)
  Aizul (Snake:4)
  A frost giant (Shoals:4)
  An acid blob (Depths:1)
  4 stone giants
  5 ironbound preservers
  2 very ugly things
  A vampire knight (D:15)
  An azure jelly (Depths:1)
  A merfolk javelineer (Shoals:3)
  2 ettins
  A fire dragon (Vaults:2)
  A spectral golden dragon (Vaults:2)
  5 yaktaur captains
  2 merfolk impalers (Shoals:4)
  4 ogre magi
  5 naga warriors
  A rakshasa (Vaults:3)
  A hydra (Lair:1)
  2 catoblepae
  3 ice dragons
  A death knight (Vaults:1)
  2 merfolk avatars
  19 two-headed ogres
  3 anacondas
  5 centaur warriors
  A satyr (Shoals:4)
  An alligator snapping turtle (Shoals:3)
  4 deep troll shamans (Depths:1)
  3 merfolk aquamancers
  A tengu warrior (Depths:1)
  A shock serpent (Snake:3)
  2 spriggan air magi (Depths:3)
  A vampire mage (Vaults:3)
  5 naga sharpshooters
  A deep elf knight (Vaults:1)
  A spriggan berserker (Depths:3)
  2 iron trolls (Depths:1)
  A shadow wraith (Vaults:4)
  A sun demon (Depths:2)
  A spectral human (Vaults:2)
  10 sea snakes
  An unseen horror (Vaults:1)
  A glowing orange brain (Vaults:2)
  4 naga ritualists
  2 flayed ghosts (Vaults:4)
  2 wizards (Vaults:3)
  8 deep trolls
  3 deep elf archers
  2 harpies
  4 orc knights
  7 ironbound convokers
  5 manticores
  2 deep elf pyromancers (Vaults:4)
  2 mana vipers
  A mana viper (shapeshifter) (Vaults:4)
  3 cyclopes
  A faun (Shoals:2)
  15 ugly things
  2 salamanders
  A spectral ettin (Vaults:2)
  An elephant (Lair:6)
  4 guardian serpents
  8 black mambas
  11 naga magi
  2 merfolk sirens
  5 vault sentinels
  4 water nymphs
  A titan simulacrum (Depths:1)
  A cane toad (Lair:2)
  2 spriggan skeletons (Depths:1)
  19 yaktaurs
  8 freezing wraiths
  10 merfolk
  A troll (Vaults:4)
  2 tengu conjurers (Vaults:3)
  2 wind drakes (Shoals:2)
  A tengu simulacrum (Vaults:2)
  2 hornets
  3 snapping turtles
  12 slime creatures
  A polar bear (shapeshifter) (Vaults:4)
  3 dream sheep
  A blink frog (Lair:1)
  A meliai zombie (D:14)
  2 removed hippogriffs
  2 shadows
  A spriggan (D:7)
  Sigmund (D:2)
  A wraith (Vaults:3)
  A tarantella (shapeshifter) (Vaults:4)
  A human (shapeshifter) (Depths:1)
  2 wyverns
  3 water elementals (Depths:2)
  A wyvern (shapeshifter) (Vaults:4)
  A vampire (D:15)
  10 yaks
  A removed hungry ghost (D:8)
  A golden eye (shapeshifter) (Vaults:2)
  A warg (Orc:2)
  17 nagas
  A water moccasin (Lair:5)
  4 orc warriors
  A floating eye (Depths:3)
  A removed porcupine (Lair:2)
  A nameless horror (Snake:3)
  A sky beast (D:10)
  2 ice beasts
  A boggart (Depths:3)
  18 ogres
  6 centaurs
  2 removed crocodiles
  4 bullfrogs
  A wyvern zombie (D:7)
  A wyvern skeleton (D:11)
  3 killer bees
  3 scorpions
  An elf simulacrum (Vaults:1)
  3 howler monkeys
  3 centaur zombies
  A quasit (D:9)
  2 orc priests
  A bullfrog zombie (D:10)
  5 hounds
  A jelly (D:9)
  7 orc wizards
  2 human simulacra (Vaults:2)
  2 iguanas
  3 removed worker ants
  A yak simulacrum (Lair:2)
  A killer bee zombie (D:9)
  6 gnolls
  6 adders
  3 shadow imps
  8 endoplasms
  An adder zombie (D:9)
  An adder skeleton (D:2)
  2 worms (D:3)
  5 dart slugs
  18 orcs
  A removed leopard gecko (D:1)
  A ball python (D:1)
  3 bats
  2 bat zombies (D:2)
  4 giant cockroaches
  10 goblins
  10 hobgoblins
  14 jackals
  4 quokkas
  3 frilled lizards
  6 kobolds
  A quokka skeleton (D:2)
  6 rats
  A removed leopard gecko skeleton (D:5)
  A removed leopard gecko zombie (D:2)
  A plant (Lair:2)
543 creatures vanquished.

Vanquished Creatures (collateral kills)
  Mara (Vaults:3)
  Vashnia (Snake:1)
  A lich (Depths:1)
  5 acid blobs
  2 sphinxes
  Frances (D:13)
  Agnes (Snake:4)
  3 azure jellies
  2 fire giants
  3 nagarajas
  A frost giant (Vaults:4)
  Louise (Shoals:1)
  6 vault wardens
  4 ironbound preservers
  2 very ugly things (Vaults:4)
  An entropy weaver (Vaults:4)
  3 stone giants
  A spectral titan (Vaults:2)
  A dire elephant (Lair:6)
  A balrug (Depths:2)
  A spriggan defender (Depths:3)
  3 merfolk javelineers
  An ettin (D:15)
  3 removed death oozes (Lair:6)
  6 merfolk impalers
  2 fire dragons
  4 great orbs of eyes
  4 yaktaur captains
  2 rakshasas
  An ice dragon (Depths:2)
  4 vault guards
  2 catoblepae
  Harold (Lair:1)
  13 naga warriors
  8 hydras
  6 centaur warriors
  2 merfolk aquamancers
  2 death knights
  Erica (D:8)
  10 anacondas
  7 ogre magi
  2 merfolk avatars
  5 tengu warriors
  A spriggan air mage (Depths:2)
  15 two-headed ogres
  6 death yaks
  A shock serpent (Snake:2)
  4 deep troll earth magi
  9 naga sharpshooters
  An iron troll (Depths:1)
  2 deep elf knights
  A sun demon (Depths:2)
  A skeletal warrior (Vaults:4)
  A salamander mystic (Snake:1)
  2 unseen horrors
  8 deep trolls
  2 glowing orange brains (Depths:3)
  2 wizards
  4 deep elf archers
  3 ironbound convokers
  4 naga ritualists
  7 sea snakes
  5 harpies
  3 ghosts (Depths:1)
  An orc knight (Vaults:4)
  A wolf spider zombie (D:15)
  4 necromancers
  5 mana vipers
  23 ugly things
  3 deep elf pyromancers
  4 orc sorcerers
  2 wolf spiders
  4 cyclopes
  7 merfolk sirens
  7 elephants
  9 manticores
  17 black mambas
  A centaur zombie (D:13)
  2 nameless horrors
  3 salamanders
  6 water nymphs
  6 guardian serpents
  An iron dragon skeleton (Depths:1)
  8 cane toads
  6 vault sentinels
  An elf skeleton (Depths:1)
  21 naga magi
  2 gargoyles
  A freezing wraith (Vaults:2)
  5 komodo dragons
  2 tengu conjurers
  18 trolls
  18 yaktaurs
  A wind drake (Shoals:4)
  27 merfolk
  2 polar bears
  3 meliai (D:14)
  6 blink frogs
  2 hornets
  23 slime creatures
  A spectral human (Vaults:2)
  11 removed hippogriffs
  3 snapping turtles (Shoals:4)
  4 dream sheep
  A centaur simulacrum (D:14)
  6 water elementals
  2 redbacks (Vaults:4)
  45 yaks
  A wyvern (D:9)
  A wraith (Vaults:4)
  2 basilisks
  A removed hungry ghost (D:9)
  25 centaurs
  3 vampire mosquitoes (D:14)
  45 nagas
  2 wargs
  A removed soldier ant (shapeshifter) (D:14)
  11 water moccasins
  A water moccasin (shapeshifter) (Vaults:4)
  3 removed porcupines
  11 orc warriors
  27 ogres
  3 ice beasts
  5 phantoms
  3 black bears
  2 removed eyes of draining
  A sky beast (D:11)
  4 boggarts (Vaults:1)
  A tengu (shapeshifter) (Vaults:4)
  5 wolves
  A removed crocodile (shapeshifter) (Vaults:4)
  9 removed crocodiles
  6 bullfrogs
  4 kobold brigands
  A wyvern zombie (D:11)
  A gnoll sergeant (D:5)
  4 scorpions
  11 killer bees
  3 howler monkeys
  4 wights (D:9)
  3 electric eels
  6 crimson imps
  A bullfrog zombie (D:5)
  Crazy Yiuf (D:4)
  11 orc priests
  7 jellies
  5 centaur skeletons
  5 hounds
  14 orc wizards
  2 bullfrog skeletons (D:5)
  6 removed worker ants
  5 iguanas
  A yak simulacrum (Lair:2)
  A hound zombie (D:2)
  A removed worker ant zombie (D:2)
  A gnoll (D:5)
  5 adders
  3 shadow imps
  4 endoplasms
  An adder zombie (D:5)
  A worm (D:2)
  56 orcs
  2 removed leopard geckos
  A bat (D:2)
  A giant cockroach (D:8)
  3 goblins
  A hobgoblin (D:2)
  5 jackals
  19 kobolds
  A quokka (D:5)
  A frilled lizard (D:2)
  A jackal zombie (D:2)
  A quokka skeleton (D:2)
  3 rats
  A removed leopard gecko skeleton (D:8)
  2 fungi (Lair:6)
  A plant (Lair:2)
923 creatures vanquished.

Vanquished Creatures (others)
  A stone giant (Vaults:2)
  A fire giant (Depths:3)
  A naga sharpshooter (Snake:1)
  An orc knight (Orc:2)
  A cyclops (Vaults:2)
  An elephant (Lair:5)
  A black mamba (Lair:5)
  A snapping turtle (Lair:2)
  2 yaks
  An orc warrior (D:8)
  2 gnolls (D:5)
  9 fungi
  27 plants
49 creatures vanquished.

Grand Total: 1515 creatures vanquished

Notes
Turn   | Place    | Note
-------+----------+-------------------------------------------
     0 | D:1      | Qrupt the Kobold Summoner began the quest for the Orb.
     0 | D:1      | Reached XP level 1. HP: 10/10 MP: 3/3
    94 | D:1      | Reached XP level 2. HP: 9/16 MP: 1/5
   360 | D:1      | Reached skill level 1 in Fighting
   396 | D:1      | Reached XP level 3. HP: 18/20 MP: 4/6
  1029 | D:2      | Reached XP level 4. HP: 22/25 MP: 5/7
  1108 | D:2      | Noticed Sigmund
  1125 | D:2      | Killed Sigmund
  1125 | D:2      | Reached XP level 5. HP: 14/31 MP: 6/8
  1155 | D:2      | Found a shattered altar of Ashenzari.
  1267 | D:2      | Reached XP level 6. HP: 21/36 MP: 9/9
  1795 | D:2      | Noticed a phantom
  1805 | D:2      | Learned a level 2 spell: Call Imp
  1809 | D:2      | Learned a level 3 spell: Call Canine Familiar
  1902 | D:2      | Killed a phantom
  1902 | D:2      | Reached skill level 5 in Stealth
  1902 | D:2      | Reached skill level 5 in Summonings
  2316 | D:3      | Found a transporter.
  2316 | D:3      | Noticed Brozuf's ghost (amateur GrFi)
  2516 | D:3      | Found a transporter.
  3233 | D:4      | Noticed a water moccasin
  3260 | D:4      | Killed a water moccasin
  3260 | D:4      | Reached XP level 7. HP: 12/41 MP: 2/10
  3513 | D:4      | Found a snail-covered altar of Cheibriados.
  3661 | D:4      | Reached skill level 5 in Dodging
  4169 | D:4      | Found a runed translucent door.
  4170 | D:4      | Noticed Crazy Yiuf
  4845 | D:4      | Killed Crazy Yiuf
  4982 | D:5      | Entered Level 5 of the Dungeon
  4982 | D:5      | Found Hetul's Antique Armour Shoppe.
  5027 | D:4      | Reached XP level 8. HP: 23/48 MP: 8/11
  5633 | D:4      | Learned a level 4 spell: Summon Ice Beast
  6226 | D:5      | Bought a glowing hat for 175 gold pieces
  6553 | D:5      | Found a burning altar of Makhleb.
  7005 | D:5      | Found a glowing silver altar of Zin.
  7006 | D:5      | Noticed an angel
  7046 | D:6      | Found an ornate altar of the Wu Jian Council.
  7371 | D:6      | Reached skill level 5 in Fighting
  7389 | D:6      | Found an ancient bone altar of Kikubaaqudgha.
  7576 | D:6      | Found a bloodstained altar of Trog.
  7587 | D:6      | Reached skill level 1 in Ice Magic
  7898 | D:6      | Reached XP level 9. HP: 40/54 MP: 4/14
  8012 | D:6      | Noticed a hippogriff
  8021 | D:6      | Killed a hippogriff
  8034 | D:6      | Found a staircase to the Ecumenical Temple.
  8145 | Temple   | Entered the Ecumenical Temple
  8290 | Temple   | Became a worshipper of Dithmenos the Shadowed
  8921 | D:7      | Noticed a hippogriff
  8931 | D:7      | Killed a hippogriff
  9108 | D:7      | Noticed a +0 hand axe
  9109 | D:7      | Noticed a +0 dagger
  9113 | D:7      | Found a hide-covered altar of Uskayaw.
  9115 | D:7      | Found an ornate altar of the Wu Jian Council.
  9194 | D:7      | Found a hazy altar of Hepliaklqana.
  9225 | D:7      | Found an iron altar of Okawaru.
  9441 | D:8      | Found a staircase to the Lair.
  9442 | D:8      | Noticed a death yak
  9442 | D:8      | Noticed a death yak
 10082 | D:8      | Reached * piety under Dithmenos
 10219 | D:8      | Noticed Erica
 10257 | D:8      | Killed Erica
 10257 | D:8      | Reached skill level 5 in Spellcasting
 10257 | D:8      | Reached XP level 10. HP: 21/61 MP: 5/17
 10483 | D:8      | Found a glowing golden altar of the Shining One.
 10656 | D:8      | Noticed a death yak
 10828 | Lair:1   | Entered Level 1 of the Lair of Beasts
 10840 | Lair:1   | Learned a level 4 spell: Summon Lightning Spire
 10928 | Lair:1   | Reached skill level 1 in Air Magic
 11179 | Lair:1   | Noticed a black mamba
 11191 | Lair:1   | Killed a black mamba
 11491 | Lair:1   | Noticed Harold
 11491 | Lair:1   | Noticed a spiny frog
 11758 | Lair:1   | Noticed a six-headed hydra
 11783 | Lair:1   | Killed a six-headed hydra
 12156 | Lair:1   | Noticed a six-headed hydra
 12159 | Lair:1   | Upgraded the game from 0.25-a0-613-gf4b266557c to
                  | 0.25-a0-617-g20d90ebb82
 12164 | Lair:1   | Learned a level 3 spell: Summon Guardian Golem
 12242 | Lair:1   | Killed a death yak
 12385 | Lair:1   | Killed a six-headed hydra
 12385 | Lair:1   | Reached skill level 5 in Ice Magic
 12771 | Lair:1   | Killed a spiny frog
 12920 | Lair:1   | Killed Harold
 12920 | Lair:1   | Reached XP level 11. HP: 68/68 MP: 2/19
 13155 | Lair:2   | Noticed an elephant
 13189 | Lair:2   | Noticed an elephant
 13196 | Lair:2   | Noticed an elephant
 13272 | Lair:1   | Killed an elephant
 13459 | Lair:1   | Killed an elephant
 13548 | Lair:2   | Killed an elephant
 13557 | Lair:2   | Found a bloodstained altar of Trog.
 13557 | Lair:2   | Noticed ReteAZ's ghost (journeyman MfGl)
 13567 | Lair:2   | Identified the cursed +3 demon trident of Gluttony {drain,
                  | rPois}
 13567 | Lair:2   | Noticed a spriggan rider
 13567 | Lair:2   | Noticed a moth of wrath
 13710 | Lair:2   | Found a transporter.
 13711 | Lair:2   | Noticed a moth of wrath
 13757 | Lair:2   | Noticed a necromancer
 13968 | Lair:2   | Found a transporter.
 14393 | Lair:2   | Found a staircase to the Shoals.
 14616 | Lair:2   | Killed a necromancer
 14624 | Lair:2   | Reached ** piety under Dithmenos
 14832 | Lair:3   | Noticed a seven-headed hydra
 14845 | Lair:3   | Killed a seven-headed hydra
 15056 | Lair:3   | Noticed an eight-headed hydra
 15067 | Lair:3   | Killed an eight-headed hydra
 15426 | Lair:3   | Noticed a six-headed hydra
 15433 | Lair:3   | Killed a six-headed hydra
 15451 | Lair:3   | Reached skill level 10 in Dodging
 15461 | Lair:3   | Reached skill level 5 in Air Magic
 16059 | Lair:4   | Found a staircase to the Snake Pit.
 16059 | Lair:4   | Noticed a five-headed hydra
 16065 | Lair:4   | Killed a five-headed hydra
 16065 | Lair:4   | Reached XP level 12. HP: 45/76 MP: 14/20
 16686 | Lair:4   | Noticed a catoblepas
 16734 | Lair:4   | Killed a catoblepas
 17151 | Lair:5   | Found a runed translucent door.
 17291 | Lair:5   | Reached *** piety under Dithmenos
 17887 | Lair:6   | Entered Level 6 of the Lair of Beasts
 18106 | Lair:6   | Noticed a catoblepas
 18136 | Lair:5   | Killed a catoblepas
 18663 | Lair:6   | Noticed a death yak
 18663 | Lair:6   | Noticed a death yak
 18663 | Lair:6   | Noticed a four-headed hydra
 18691 | Lair:6   | Noticed a five-headed hydra
 18830 | Lair:5   | Reached skill level 10 in Summonings
 19133 | Lair:6   | Killed a five-headed hydra
 19585 | Lair:6   | Reached skill level 10 in Fighting
 19645 | Lair:6   | Noticed a four-headed hydra
 19652 | Lair:6   | Killed a four-headed hydra
 19941 | Lair:6   | Found a runed translucent door.
 19941 | Lair:6   | Found a viscous altar of Jiyva.
 19941 | Lair:6   | Found a staircase to the Slime Pits.
 20696 | Lair:6   | Noticed a great orb of eyes
 20716 | Lair:6   | Killed a great orb of eyes
 20716 | Lair:6   | Reached XP level 13. HP: 82/82 MP: 13/21
 20805 | Lair:6   | Noticed a death ooze
 20810 | Lair:6   | Noticed an azure jelly
 20810 | Lair:6   | Noticed an acid blob
 20872 | Lair:6   | Killed an acid blob
 21125 | D:8      | Reached **** piety under Dithmenos
 21726 | D:9      | Found a white marble altar of Elyvilon.
 21928 | D:9      | Found a stormy altar of Qazlal.
 22153 | D:9      | Found a sacrificial altar of Ru.
 22741 | D:10     | Entered Level 10 of the Dungeon
 22996 | D:10     | Found a shimmering altar of Xom.
 23124 | D:10     | Learned a level 2 spell: Blink
 23640 | D:11     | Upgraded the game from 0.25-a0-617-g20d90ebb82 to
                  | 0.25-a0-668-gea548f19b6
 23874 | D:11     | Reached ***** piety under Dithmenos
 24209 | D:11     | Found a staircase to the Orcish Mines.
 24753 | Orc:1    | Entered Level 1 of the Orcish Mines
 24927 | Orc:2    | Entered Level 2 of the Orcish Mines
 25039 | Orc:2    | Found a roughly hewn altar of Beogh.
 25154 | Orc:1    | Found Xeruotich's Assorted Antiques.
 25182 | Orc:1    | Found Caemp's Armour Boutique.
 25192 | Orc:1    | Found Tuforchi's General Store.
 25222 | Orc:1    | Found Jygavap's Magic Scroll Shoppe.
 25225 | Orc:1    | Bought a scroll of teleportation for 45 gold pieces
 25225 | Orc:1    | Bought a scroll of blinking for 112 gold pieces
 25550 | Orc:1    | Found Zeommoergh's Book Shop.
 25553 | Orc:1    | Bought Amaewk's Disquisition on the Entourage for 700 gold
                  | pieces
 25838 | Orc:2    | Found Estrum's Armour Shoppe.
 26425 | Orc:2    | Reached ****** piety under Dithmenos
 26442 | Orc:2    | Found Akipsuum's Weapon Emporium.
 26443 | Orc:2    | Found Birul's Jewellery Boutique.
 26839 | Orc:2    | Reached XP level 14. HP: 88/88 MP: 14/23
 27332 | Orc:2    | Found a staircase to the Elven Halls.
 27366 | Orc:2    | Found Nuallapt's Gadget Emporium.
 27585 | D:11     | Learned a level 6 spell: Shadow Creatures
 27754 | Snake:1  | Entered Level 1 of the Snake Pit
 27754 | Snake:1  | Found Hyxtim's Antique Armour Boutique.
 27884 | Snake:1  | Bought a faintly humming robe for 222 gold pieces
 27900 | Lair:4   | Identified the +1 robe of Past Mistakes {Dex+9} (You bought
                  | it in a shop on level 1 of the Snake Pit)
 27969 | Snake:1  | Bought a pair of polished gloves for 370 gold pieces
 27974 | Snake:1  | Identified the cursed +0 pair of gloves "Wist" {+Inv rPois
                  | Str+4 Int+5} (You bought it in a shop on level 1 of the
                  | Snake Pit)
 28072 | Snake:1  | Reached skill level 10 in Stealth
 28920 | Snake:1  | Got a transparent ring mail
 29437 | Shoals:1 | Entered Level 1 of the Shoals
 29440 | Shoals:1 | Found a runed translucent gate.
 29441 | Shoals:1 | Found a runed translucent gate.
 29445 | Shoals:1 | Found a runed translucent gate.
 29692 | Shoals:1 | Noticed Hofrel's ghost (adept MiBe)
 29693 | Shoals:1 | Noticed Uttokecs's ghost (journeyman DrFE)
 29693 | Shoals:1 | Noticed Luetsoe's ghost (journeyman DEWz)
 30590 | Lair:4   | Upgraded the game from 0.25-a0-668-gea548f19b6 to
                  | 0.25-a0-815-gab441bd002
 30600 | Lair:4   | Identified the +2 ring mail of Snakes and Ladders {Int+3
                  | Dex+4} (You found it on level 1 of the Snake Pit)
 30687 | Lair:6   | Killed an azure jelly
 30937 | Lair:6   | Paralysed by a great orb of eyes for 3 turns
 30940 | Lair:6   | Reached skill level 1 in Armour
 30953 | Lair:6   | Reached skill level 1 in Translocations
 31431 | Lair:6   | Noticed a dire elephant
 31540 | Lair:6   | Killed a dire elephant
 32401 | D:12     | Found Xiaw's Jewellery Emporium.
 32645 | D:13     | Reached skill level 1 in Shields
 32880 | D:13     | Found Xousaeru's Book Boutique.
 33289 | D:13     | Noticed Frances
 33400 | D:12     | Upgraded the game from 0.25-a0-815-gab441bd002 to
                  | 0.25-a0-829-g4e6a552925
 33530 | D:13     | Killed Frances
 33660 | D:13     | Reached XP level 15. HP: 92/92 MP: 26/27
 33668 | D:13     | Found a gate to the Vaults.
 34029 | D:14     | Got a heavily runed leather armour
 34054 | D:14     | Identified the +3 leather armour "Ishaprel" {MR++ Regen+
                  | MP+9 Int-4} (You found it on level 14 of the Dungeon)
 35329 | D:15     | Entered Level 15 of the Dungeon
 35602 | D:15     | Found a staircase to the Depths.
 35621 | D:15     | Found Nupsock's Magic Scroll Shoppe.
 35658 | D:15     | Bought a scroll of teleportation for 39 gold pieces
 35658 | D:15     | Bought a scroll of teleportation for 39 gold pieces
 37039 | Lair:4   | Identified a scroll of acquirement
 37040 | Lair:4   | Identified the +9 quick blade of Analysis {elec, +Inv} (You
                  | acquired it on level 4 of the Lair of Beasts)
 37236 | Snake:1  | Reached skill level 1 in Evocations
 37470 | Snake:2  | Reached skill level 1 in Short Blades
 37470 | Snake:2  | Reached skill level 5 in Armour
 37637 | Snake:2  | Noticed Vashnia
 39533 | Snake:1  | Killed Vashnia
 40490 | Snake:2  | Reached XP level 16. HP: 94/99 MP: 21/29
 40805 | Snake:2  | Found Heliluujyf's Gadget Shop.
 40805 | Snake:2  | Found Qafahuf's Jewellery Shoppe.
 40806 | Snake:2  | Found Aschumaing's Gadget Shop.
 40813 | Snake:2  | Bought the ring "Welyvip" {rElec MP+9 Str-3 Int+9} for 792
                  | gold pieces
 40889 | Snake:2  | Learned a level 5 spell: Summon Mana Viper
 41138 | Snake:3  | Noticed a nagaraja
 41153 | Snake:3  | Killed a nagaraja
 41153 | Snake:3  | Reached skill level 5 in Short Blades
 41268 | Snake:3  | Reached skill level 5 in Evocations
 42111 | Snake:3  | Noticed a nagaraja
 42116 | Snake:3  | Killed a nagaraja
 42257 | Snake:4  | Entered Level 4 of the Snake Pit
 42707 | Snake:4  | Found Gehudioc's Gadget Shoppe.
 42707 | Snake:4  | Found Efuts's Food Emporium.
 43074 | Snake:4  | Noticed Agnes
 43091 | Snake:4  | Killed Agnes
 43370 | Snake:4  | Noticed Aizul
 43392 | Snake:4  | Killed Aizul
 43792 | Snake:4  | Noticed a nagaraja
 43798 | Snake:4  | Noticed a nagaraja
 43798 | Snake:4  | Noticed a nagaraja
 43798 | Snake:4  | Noticed a nagaraja
 44189 | Snake:4  | Killed a nagaraja
 44327 | Snake:4  | Reached skill level 1 in Hexes
 44357 | Snake:4  | Killed a nagaraja
 44849 | Snake:4  | Killed a nagaraja
 45490 | Snake:4  | Noticed a nagaraja
 45507 | Snake:4  | Killed a nagaraja
 45514 | Snake:4  | Reached XP level 17. HP: 71/108 MP: 30/30
 45867 | Snake:4  | Got a serpentine rune of Zot
 45897 | Snake:4  | Got a slimy chain mail
 46184 | Shoals:1 | Identified the cursed +1 chain mail "Ytzaherghu" {MR+} (You
                  | found it on level 4 of the Snake Pit)
 46202 | Shoals:1 | Noticed Louise
 46232 | Shoals:1 | Killed Louise
 46341 | Shoals:1 | You fall into a shaft and drop 1 floor!
 46945 | Shoals:1 | Got a translucent lead ring
 46947 | Shoals:1 | Identified the ring of Ytoquess {rF+ MR+ Str+3} (You found
                  | it on level 1 of the Shoals)
 47447 | Shoals:2 | Reached skill level 10 in Short Blades
 47454 | Shoals:2 | Noticed Roxanne
 47796 | Shoals:2 | Noticed Ilsuiw
 48230 | Shoals:2 | Killed Ilsuiw
 48348 | Shoals:3 | Noticed Kirke
 48973 | Shoals:3 | Killed Kirke
 49359 | Shoals:4 | Entered Level 4 of the Shoals
 49887 | Shoals:4 | Found Geentuh's Magic Scroll Shop.
 49906 | Shoals:4 | Bought a scroll of teleportation for 54 gold pieces
 49906 | Shoals:4 | Bought a scroll of teleportation for 54 gold pieces
 51116 | Shoals:4 | Got a barnacled rune of Zot
 51131 | Shoals:4 | Upgraded the game from 0.25-a0-829-g4e6a552925 to
                  | 0.25-a0-834-g55863b0b92
 52203 | Shoals:4 | Identified the cursed +0 falchion of the Evening {venom,
                  | Str-4 Int-4 Dex+7 Stlth+}
 52666 | Vaults:1 | Entered Level 1 of the Vaults
 52733 | Vaults:1 | Reached XP level 18. HP: 116/116 MP: 21/31
 52775 | Vaults:1 | Reached skill level 15 in Summonings
 54210 | Vaults:1 | Found a runed translucent gate.
 54210 | Vaults:1 | Found a runed translucent gate.
 54211 | Vaults:1 | Found a runed translucent gate.
 54215 | Vaults:1 | Noticed Zaor's ghost (adept GnSk)
 54530 | Vaults:1 | Killed Zaor's ghost
 55005 | Vaults:1 | Got a pitted hat
 55017 | Vaults:1 | Identified the +0 hat "Ethats" {Stlth+} (You found it on
                  | level 1 of the Vaults)
 55221 | Vaults:2 | Reached skill level 15 in Fighting
 55737 | Vaults:2 | Found Yrievedd's Jewellery Boutique.
 56043 | Vaults:2 | Found a runed translucent gate.
 56044 | Vaults:2 | Found a runed translucent gate.
 56044 | Vaults:2 | Found a runed translucent gate.
 56045 | Vaults:2 | Noticed Lofupn's ghost (adept SpEn)
 56238 | Vaults:2 | Reached skill level 10 in Spellcasting
 56421 | Vaults:2 | Found Foubliwaf's Jewellery Shop.
 56421 | Vaults:2 | Found Uruudd's Gadget Shop.
 56431 | Vaults:2 | Found Guqyh's Weapon Shop.
 56691 | Vaults:2 | Reached XP level 19. HP: 109/124 MP: 33/33
 56743 | Vaults:2 | Killed Lofupn's ghost
 56885 | Vaults:3 | Found Puckiast's Antique Weapon Boutique.
 56955 | Vaults:3 | Noticed Mara
 57683 | Vaults:3 | Found a radiant altar of Vehumet.
 57683 | Vaults:3 | Noticed a lich
 57687 | Vaults:3 | Killed a lich
 57693 | Vaults:3 | Got a faintly glowing hat
 57704 | Vaults:3 | Identified the +0 hat of Honour {MR+ Int+2} (You found it
                  | on level 3 of the Vaults)
 57715 | Vaults:3 | Learned a level 7 spell: Summon Hydra
 57951 | Vaults:3 | Found a staircase to the Crypt.
 58688 | Vaults:3 | Killed Mara
 58702 | Vaults:3 | Upgraded the game from 0.25-a0-834-g55863b0b92 to
                  | 0.26-a0-244-g083ca260ac
 58767 | Vaults:4 | Reached skill level 15 in Short Blades
 59447 | Vaults:3 | Upgraded the game from 0.26-a0-244-g083ca260ac to
                  | 0.26-a0-597-gb535b0901c
 59507 | Vaults:4 | Identified the +8 plate armour "Xiaz" {*Contam rN++ Str+4}
                  | (You found it on level 4 of the Vaults)
 60094 | Vaults:4 | Noticed Boris
 60518 | Vaults:3 | Upgraded the game from 0.26-a0-597-gb535b0901c to
                  | 0.26-a0-631-ged93497179
 60518 | Vaults:3 | Upgraded the game from 0.26-a0-631-ged93497179 to
                  | 0.26-a0-638-gcca6ad1b57
 61647 | Vaults:4 | Reached XP level 20. HP: 105/132 MP: 35/35
 63524 | Depths:1 | Entered Level 1 of the Depths
 64660 | Depths:1 | You fall into a shaft and drop 1 floor!
 64693 | Depths:1 | Found a gateway to a ziggurat.
 64987 | Depths:1 | Found a gateway to Hell.
 65013 | Depths:1 | Found a one-way gate to the infinite horrors of the Abyss.
 65683 | Depths:1 | Found a runed translucent door.
 66822 | Depths:2 | You fall into a shaft and drop 1 floor!
 66823 | Depths:3 | Upgraded the game from 0.26-a0-638-gcca6ad1b57 to
                  | 0.28-a0-1344-g6b9ff3a05d
 67190 | Depths:3 | Noticed a caustic shrike
 68782 | Depths:1 | Upgraded the game from 0.28-a0-1344-g6b9ff3a05d to
                  | 0.28-a0-1348-g050f3537b9
 69610 | Depths:1 | Reached XP level 21. HP: 141/141 MP: 36/37
 70009 | Depths:1 | Got the Catalogue of Torrid Transformation
 70629 | Depths:3 | Killed from afar by a tengu reaver

Illustrated notes

Levels and vault maps discovered:
D:1:      dpeg_arrival_three_bigger_balls, layout_basic
D:2:      minmay_recursive_quarters, layout_loops_ring,
          nicolae_ashenzari_panopticon, serial_undead, serial_undead_c,
          serial_undead_b, serial_undead_c, serial_undead_e, serial_undead_d,
          first_ration, serial_bayou_lagoon_a, uniq_sigmund
D:3:      layout_basic, gammafunk_ghost_arena, minmay_increasing_density
D:4:      layout_loops_corners, cheibriados_altar_1, uniq_crazy_yiuf_cottage
D:5:      corexii_shack_village, layout_cave_pools, makhleb_grotto_becter,
          zin_angel, serial_shops, shop
D:6:      layout_loops_ring, trog_ov_bears_minmay, old_standard_altar,
          minmay_temple_entry_purple_smoke, basic_altar, kb_rosetta
D:7:      layout_rooms, dancing_weapons_uskayaw, lemuel_doored_altar,
          old_standard_altar, lemuel_round_altar, the_bakery
D:8:      layout_basic, tso_oasis_becter, dpeg_lair_monsters, uniq_erica
D:9:      layout_basic, kennysheep_little_box, nicolae_overflow_crystal_walls,
          hangedman_ru_absence, minmay_door_square
D:10:     layout_loops_ring, basic_altar
D:11:     layout_small_grid, orc_0_dummy
D:12:     layout_rooms, serial_shops, shop
D:13:     layout_basic, david_vaults_1, serial_shops, kennysheep_mini,
          uniq_frances
D:14:     layout_loops_cross, chequers_serial_rivers_small_a,
          nicolae_straight_to_the_point
D:15:     hangedman_depths_entry_civil_slaughter, layout_long_grid,
          serial_shops, shop_statue
Temple:   nicolae_temple_figure_zero
Lair:1:   layout_layer_cave, grunt_megastairs_1, uniq_harold
Lair:2:   layout_gridlike, minmay_shoals_entry_hut,
          gammafunk_ghost_wrathful_warriors, eino_house_with_fridge,
          grunt_megastairs_4, serial_bayou_shore_a, infiniplex_staircase_pool
Lair:3:   layout_chaotic_city, grunt_megastairs_3
Lair:4:   layout_roguey, dummy_snake_entry
Lair:5:   layout_gridlike, pf_torpor_hydra, grunt_megastairs_2
Lair:6:   hangedman_lair_in_review, layout_long_grid, slime_altar_2,
          special_room [special_room_jelly]
Shoals:1: layout_shoals, gammafunk_ghost_cemetery,
          nicolae_shoals_circle_sea_wall, uniq_louise
Shoals:2: layout_shoals, portal_ice_cave_entry_pillars_three,
          nicolae_shoals_this_corrosion, uniq_roxanne, uniq_ilsuiw
Shoals:3: layout_shoals, portal_ice_cave_entry_pillars_1, uniq_kirke
Shoals:4: shoals_end_grunt_ice, layout_shoals, serial_shops,
          nicolae_shop_crystal
Snake:1:  layout_layer_cave, serial_shops, nicolae_shop_crystal,
          serial_bayou_lagoon_b
Snake:2:  layout_onion_interference, eino_curves_03, grunt_ministairs_9,
          st_stairs_13, drop_trap, serial_bayou_pond_b, minmay_shop_grove,
          uniq_vashnia
Snake:3:  layout_onion_interference
Snake:4:  snake_pit, layout_cave_town, st_stairs_7, minmay_shoptagon,
          uniq_agnes, uniq_aizul
Orc:1:    layout_caves, serial_shops, shop, nicolae_shop_crystal, shop, shop,
          nicolae_shop_behind_doors
Orc:2:    st_orc_open, layout_diamond_mine, minmay_orc_temple_a
Vaults:1: gammafunk_vaults_ghost_tricky_traps, nicolae_vaults_circle_grid_a,
          v_misc_27, nicolae_vaults_shelves_hall, v_misc_14,
          nicolae_vaults_asterisk, vaults_mumra_chevron_long,
          nicolae_vaults_rhombus_5, ontoclasm_vaults_gateway,
          vaults_room_corners, v_misc_1, vaults_room_hallway,
          nicolae_vaults_little_squares_5, nicolae_vaults_three_branches,
          vaults_dpeg_hooks, layout_vaults_omnicross
Vaults:2: gammafunk_vaults_ghost_necromancy,
          hangedman_vaults_stretched_pinwheel, v_misc_16, v_misc_31,
          v_alt_pattern_2, nicolae_vaults_diagonal_hallway_6,
          vaults_room_door_hall, hangedman_vaults_hard_town_square,
          layout_vaults_quadrants, serial_shops, shop
Vaults:3: vaults_mumra_minichess_inversion, grunt_tower_of_power,
          nicolae_vaults_diagonal_hallway_8, minmay_crypt_entry_simple_statues,
          nicolae_vaults_windows_and_doors_thing, vaults_room_fours,
          nicolae_vaults_little_squares_3, layout_vaults_chaotic_city,
          serial_shops, nicolae_shop_overgrown_old_shop, uniq_mara
Vaults:4: vaults_mumra_hex, v_alt_pattern_6, vaults_room_door_ring, v_misc_4,
          v_misc_18, nicolae_vaults_ninety_degrees, v_alt_pattern_3,
          vaults_room_grid, v_rooms_2, ontoclasm_vaults_fault,
          vaults_room_pools, nicolae_vaults_little_squares_4,
          layout_vaults_maze_bifur, uniq_boris
Depths:1: layout_roguey, enter_ziggurat_d, ebering_dispersal_statue_hall,
          pf_hell_entry_tar_spiral, lightli_enter_wizlab_magi_temple,
          abyss_entry, grunt_ministairs_8, minmay_acid_items
Depths:2: minmay_angry_zag, layout_cave_pools, lightli_too_deep,
          serial_bayou_pond_c, abyss_entry
Depths:3: minmay_the_grid_square_5x5_4x4 [minmay_the_grid_square_5x5_eight,
          minmay_the_grid_square_5x5_slash, minmay_the_grid_square_5x5_n,
          minmay_the_grid_square_5x5_two_walls_b,
          minmay_the_grid_square_5x5_plus,
          minmay_the_grid_square_5x5_prize_pseudospiral,
          minmay_the_grid_square_5x5_prize_open,
          minmay_the_grid_square_5x5_hourglass,
          minmay_the_grid_square_5x5_three_small,
          minmay_the_grid_square_5x5_prize_open,
          minmay_the_grid_square_5x5_prize_itemx,
          minmay_the_grid_square_5x5_half_checkered,
          minmay_the_grid_square_5x5_n_small,
          minmay_the_grid_square_5x5_shuriken,
          minmay_the_grid_square_5x5_intrusive_squares,
          minmay_the_grid_square_5x5_forky], layout_long_grid,
          grunt_pan_entry_zigzag, minmay_staircase_bubble, abyss_entry,
          hell_entry, firewood_loft, uniq_xtahua

Skill      XL: |  1  2  3  4  5  6  7  8  9 10 11 12 13 14 15 16 17 18 19 20 21 |
---------------+----------------------------------------------------------------+-----
Stealth        | 3 4 5 6 7 9 11 | 11.7
Fighting       | 1 2 3 4 5 6 7 9 10 11 13 14 15 16 18 | 18.3
Dodging        | 3 4 5 6 7 9 10 11 12 | 12.2
Summonings     | 5 6 7 8 9 10 11 12 13 14 15 16 18 | 18.3
Spellcasting   | 3 5 6 8 9 10 11 12 13 | 13.1
Ice Magic      | 1 3 5 6 8 9 |  9.0
Air Magic      | 3 5 6 7 |  7.9
Armour         | 2 5 |  5.0
Translocations | 2 |  2.0
Shields        | 1 4 |  4.0
Evocations     | 4 5 |  5.0
Short Blades   | 4 9 12 14 15 17 | 17.8
Hexes          | 2 4 |  4.0

Action                   |  1- 3 |  4- 6 |  7- 9 | 10-12 | 13-15 | 16-18 | 19-21 || total
-------------------------+-------+-------+-------+-------+-------+-------+-------++-------
Melee: Unarmed           |     5 |       |       |       |       |       |       ||     5
       Whip              |    64 |   209 |   441 |   378 |   602 |       |       ||  1694
       Staff             |       |       |       |     1 |       |       |       ||     1
       Quick blade       |       |       |       |       |    76 |   866 |   696 ||  1638
 Cast: Summon Small Mamm |    11 |    19 |     1 |       |     1 |       |     1 ||    33
       Call Canine Famil |       |     7 |    55 |     3 |     8 |     6 |       ||    79
       Call Imp          |       |     3 |    21 |     2 |       |       |     1 ||    27
       Summon Ice Beast  |       |       |    16 |   173 |   376 |   196 |     6 ||   767
       Summon Lightning  |       |       |       |    37 |   160 |    74 |    54 ||   325
       Summon Guardian G |       |       |       |    29 |    19 |     2 |     1 ||    51
       Shadow Creatures  |       |       |       |       |    28 |    21 |    15 ||    64
       Blink             |       |       |       |       |     1 |     1 |    11 ||    13
       Summon Mana Viper |       |       |       |       |       |    90 |    45 ||   135
       Summon Hydra      |       |       |       |       |       |       |    87 ||    87
 Abil: Evoke Invisibilit |       |       |       |       |       |    11 |       ||    11
Evoke: Wand              |       |       |     6 |       |     3 |       |     8 ||    17
       Box of beasts     |       |       |       |       |     3 |       |       ||     3
       Lightning rod     |       |       |       |       |     1 |       |       ||     1
       Phantom mirror    |       |       |       |       |       |     1 |       ||     1
       Phial of floods   |       |       |       |       |       |       |     1 ||     1
  Use: Potion            |       |     2 |     6 |     8 |     2 |     9 |     6 ||    33
       Scroll            |       |       |    10 |    10 |    11 |    19 |    10 ||    60
 Stab: Sleeping          |     1 |     3 |    13 |    14 |    20 |    52 |    30 ||   133
       Distracted        |       |     1 |     9 |     8 |    33 |    26 |    26 ||   103
       Invisible         |       |       |       |     3 |       |     4 |       ||     7
       Paralysed         |       |       |       |       |       |       |     1 ||     1
  Eat: Removed food      |     3 |     7 |    39 |    67 |    98 |    55 |     8 ||   277
       Removed food      |       |       |       |     3 |     7 |     8 |       ||    18
Armor: Robe              |     9 |    24 |    76 |    37 |    37 |       |       ||   183
       Skin              |       |       |    62 |       |       |       |       ||    62
       Troll leather arm |       |       |       |       |    11 |       |       ||    11
       Ring mail         |       |       |       |       |    66 |    77 |    36 ||   179
Dodge: Dodged            |    65 |   189 |   440 |   452 |  1074 |   462 |   318 ||  3000
Block: Buckler           |       |       |       |       |   102 |   201 |   120 ||   423
       Reflection        |       |       |       |       |     9 |    42 |    23 ||    74

Table legend: (Time is in decaauts)
 A = Elapsed time spent in this place.
 B = Non-inter-level travel time spent in this place.
 C = Inter-level travel time spent in this place.
 D = Time resting spent in this place.
 E = Time spent auto-exploring this place.
 F = Levels seen in this place.
 G = Mean time per level.
                   A        B        C        D        E       F      G
               +--------+--------+--------+--------+--------+-----+--------+
         Total |  70162 |  66541 |   3621 |  27654 |  18168 |  39 | 1799.0 |
       Dungeon |  20479 |  18995 |   1484 |   5846 |   7707 |  15 | 1365.3 |
        Temple |    158 |    146 |     12 |      0 |    110 |   1 |  158.0 |
          Lair |  12991 |  12009 |    982 |   5753 |   3169 |   6 | 2165.2 |
        Shoals |   6670 |   6441 |    229 |   3149 |    324 |   4 | 1667.5 |
     Snake Pit |  10767 |  10504 |    263 |   6086 |   1354 |   4 | 2691.8 |
  Orcish Mines |   2765 |   2728 |     37 |    783 |    602 |   2 | 1382.5 |
        Vaults |  10345 |   9882 |    463 |   3627 |   2850 |   4 | 2586.2 |
        Depths |   5983 |   5834 |    149 |   2407 |   2050 |   3 | 1994.3 |
               +--------+--------+--------+--------+--------+-----+--------+

Top non-repeatable levels by time:
Depths:1: 3633 daAuts
Vaults:4: 2618 daAuts
Depths:2: 1953 daAuts
Vaults:3: 1218 daAuts
    D:14: 761 daAuts
Depths:3: 395 daAuts
    D:15: 175 daAuts
Vaults:1: 33 daAuts
    D:13: 26 daAuts
Vaults:2: 11 daAuts
Note: time per level data comes from an upgraded game and may be incomplete.
